AoeStats
← old f1sh

Arabia

510073218Analyzed
1v1 RM · 3d ago on Sep 29, 2026· 52m 6s· 2 players
Game mode
Random Map
Map size
Tiny (2 player)
Population
200
Speed
Normal
Resources
Standard
Victory
Conquest
Starting age
Dark Age
Ending age
Imperial Age
RankedLock teamsTeams togetherTeam positionsShared explorationLock speedFull tech treeHidden civsTurbo modeCheats
Victory
Defeat
🇯🇵 Saxons · Japan
1583
+16
🇨🇳 Saxons · China
1591
-16
Thomas2311
6:43 Loom
8:51 Feudal Age
9:50 Double-Bit Axe
9:45 Horse Collar
13:58 Wheelbarrow
16:17 Fletching
16:44 Padded Archer Armor
20:57 Castle Age
19:28 Gold Mining
19:52 Bloodlines
21:17 Scale Barding Armor
22:02 Wheelbarrow
21:14 Town Watch
22:07 Wheelbarrow
21:00 Crossbowman
21:39 Bodkin Arrow
21:31 Light Cavalry
23:20 Husbandry
23:54 Bow Saw
27:41 Ballistics
28:00 Thumb Ring
32:59 Hand Cart
36:44 Imperial Age
34:36 Stone Mining
36:08 Gold Shaft Mining
36:53 Scale Barding Armor
36:58 Forging
37:29 Bracer
39:02 Chemistry
38:27 Chain Barding Armor
38:22 Leather Archer Armor
38:03 Cavalier
40:29 Iron Casting
40:24 Guilds
41:06 Conscription
40:38 Cranequins
41:15 Heavy Mounted Crossbowman
42:26 Siege Engineers
44:07 Capped Ram
46:03 Masonry
45:33 Elite Skirmisher
45:52 Hussar
48:00 Ring Archer Armor
47:31 Scale Mail Armor
48:12 Elite Hearth Troop
49:12 Squires
51:48 Chain Mail Armor
52:05 Architecture
old f1sh
5:13 Loom
8:48 Feudal Age
9:35 Double-Bit Axe
16:27 Wheelbarrow
19:21 Castle Age
17:25 Horse Collar
18:38 Fletching
20:04 Bodkin Arrow
20:35 Bow Saw
23:02 Padded Archer Armor
33:07 Ballistics
33:02 Husbandry
37:41 Imperial Age
35:20 Scale Mail Armor
36:30 Chain Mail Armor
36:56 Hand Cart
37:28 Forging
37:31 Squires
37:17 Gambesons
37:18 Arson
38:21 Heavy Plow
38:57 Plate Mail Armor
37:54 Shield Wall
38:04 Elite Skirmisher
39:37 Pikeman
39:51 Elite Hearth Troop
41:48 Halberdier
43:24 Iron Casting
44:07 Leather Archer Armor
44:36 Thumb Ring
45:37 Bracer
47:47 Ring Archer Armor
50:30 Bloodlines
51:31 Chemistry
Connection lost

Rejoining the realm…

Still unreachable

The connection could not be restored.

Session expired

The server has moved on; the page needs a fresh start.